 Dungeon Crawl Stone Soup version 0.25-a0-410-g53dbb631d1 (webtiles) character file.

Game seed: 49005895265317566, levelgen mode: deterministic

3255 MisterFreud the Slicer (level 10, -6/79 (80) HPs)
             Began as a Gnoll Chaos Knight on Jan 13, 2020.
             Was a Plaything of Xom.
             Mangled by a worldbinder (8 damage)
             ... summoned by the severe capriciousness of Xom
             ... on level 8 of the Dungeon.
             The game lasted 00:15:58 (8595 turns).

MisterFreud the Slicer (Gnoll Chaos Knight)         Turns: 8595, Time: 00:15:59

HP:   -6/79 (80)    AC:  7    Str: 18    XL:     10   Next: 0%
MP:   17/17         EV: 14    Int: 19    God:    Xom [......]
Gold: 619           SH:  0    Dex: 12    Spells: 11/18 levels left

rFire    . . .     SeeInvis .   h - +3 dagger (venom)
rCold    . . .     Gourm    .   (no shield)
rNeg     . . .     Faith    .   N - +2 robe {MR+}
rPois    .         Spirit   .   (no helmet)
rElec    .         Reflect  .   (no cloak)
rCorr    .         Harm     .   j - +0 pair of gloves
MR       +....                  D - +0 pair of boots
Stlth    +++.......             S - amulet of magic regeneration
HPRegen  0.23/turn              B - +4 ring of strength
MPRegen  0.40/turn              (no ring)

@: about to teleport
A: distributed training, fangs 1, blurry vision 1, clumsy 1, strong nose
a: Renounce Religion


You were on level 8 of the Dungeon.
You worshipped Xom.
You were a very special plaything of Xom.
You were near starving.

You visited 1 branch of the dungeon, and saw 8 of its levels.
You also visited: Sewer.

You collected 619 gold pieces.

Inventory:

Hand Weapons
 a - a +0 short sword of chaos
 h - a +3 dagger of venom (weapon)
 J - a +3 dagger of chaos
 L - the +2 short sword of Zin's Regard {flame, rN+ Str-2 Dex+3 Stlth+}
   (You found it on level 5 of the Dungeon)

   It has been specially enchanted to burn those struck by it, causing extra
   injury to most foes and up to half again as much damage against particularly
   susceptible opponents.
   It affects your strength (-2).
   It affects your dexterity (+3).
   It protects you from negative energy.
   It makes you more stealthy.
Missiles
 g - 7 boomerangs
 i - 240 stones (quivered)
 p - 115 bolts
 r - 62 sling bullets
 s - 47 poisoned darts
 t - 2 atropa-tipped darts
 I - 47 arrows
 M - 4 javelins
 P - 2 curare-tipped darts
Armour
 b - a +3 leather armour
 j - a +0 pair of gloves (worn)
 D - a +0 pair of boots (worn)
 G - a +0 shield
 N - a +2 robe of magic resistance (worn)
Jewellery
 B - a +4 ring of strength (left hand)
 R - an uncursed ring of ice
 S - an amulet of magic regeneration (around neck)
Wands
 m - a wand of paralysis (7)
 x - a wand of polymorph (19)
 O - a wand of flame (12)
Scrolls
 d - 5 scrolls of remove curse
 l - 5 scrolls of blinking
 n - a scroll of immolation
 o - 3 scrolls of enchant armour
 u - 2 scrolls of noise
 y - 2 scrolls of fog
 C - 10 scrolls of teleportation
 Q - a scroll of enchant weapon
 T - a scroll of magic mapping
Potions
 e - a potion of invisibility
 f - 5 potions of heal wounds
 k - a potion of lignification {unknown}
 q - 5 potions of flight
 v - a potion of haste {unknown}
 w - a potion of brilliance {unknown}
 z - a potion of curing {unknown}
 A - 2 potions of magic
 E - a potion of might {unknown}
 F - 2 potions of cancellation
 H - a potion of berserk rage {unknown}
 K - a potion of mutation {unknown}
Comestibles
 c - 10 rations


   Skills:
 + Level 8.1 Fighting
 + Level 8.1 Short Blades
 + Level 4.7 Long Blades
 + Level 4.7 Axes
 + Level 4.7 Maces & Flails
 + Level 4.7 Polearms
 + Level 4.7 Staves
 + Level 4.7 Slings
 + Level 4.7 Bows
 + Level 4.7 Crossbows
 + Level 4.7 Throwing
 + Level 6.6 Armour
 + Level 5.4 Dodging
 + Level 4.7 Stealth
 + Level 4.7 Shields
 + Level 4.7 Unarmed Combat
 + Level 4.7 Spellcasting
 + Level 3.9 Conjurations
 + Level 3.9 Hexes
 + Level 3.9 Charms
 + Level 3.9 Summonings
 + Level 3.9 Necromancy
 + Level 3.9 Translocations
 + Level 3.9 Transmutations
 + Level 3.9 Fire Magic
 + Level 3.9 Ice Magic
 + Level 3.9 Air Magic
 + Level 3.9 Earth Magic
 + Level 3.9 Poison Magic
 + Level 5.1 Invocations
 + Level 4.7 Evocations


You had 11 spell levels left.
You knew the following spells:

 Your Spells              Type           Power        Failure   Level  Hunger
a - Mephitic Cloud        Conj/Pois/Air  ###.....     8%          3    ###....
b - Call Imp              Summ           ###.....     4%          2    #......
c - Blink                 Tloc           N/A          4%          2    #......

Your spell library contained the following spells:

 Spells                   Type           Power        Failure   Level  Hunger
 Magic Dart               Conj           ###.         2%          1    None
 Sandblast                Erth           ###...       2%          1    None
 Passwall                 Tmut/Erth      ###.....     4%          2    #......
 Slow                     Hex            ###.....     4%          2    #......
 Conjure Flame            Conj/Fire      ###.....     8%          3    ###....
 Stone Arrow              Conj/Erth      ###...       8%          3    ###....
 Petrify                  Tmut/Erth      ###.....     26%         4    ####...
 Lee's Rapid Deconstruct  Erth           ###.......   58%         5    ######.


Dungeon Overview and Level Annotations

Branches:
Dungeon (8/15)             Temple (0/1) D:4           Sewer (visited)
   Lair: D:8-11

Altars:
Qazlal
Xom
Yredelemnul


Innate Abilities, Weirdness & Mutations

Your experience applies equally to all skills.
You have very sharp teeth.
Your uncanny sense of smell can sniff out nearby items.
Scrolls take you a little longer to read.
You are clumsy. (Dex -2)


Message History

You begin reading the scroll.
You continue reading the scroll.
The worldbinder barely misses you. The worldbinder hits you.
* * * LOW HITPOINT WARNING * * *
The warg bites you but does no damage. The worldbinder hits you.
* * * LOW HITPOINT WARNING * * *
The worldbinder hits you.
* * * LOW HITPOINT WARNING * * *
As you read the scroll of teleportation, it crumbles to dust.
You feel strangely unstable.
Unknown command.
Unknown command.
Unknown command.
You barely miss the warg. The warg bites you!
* * * LOW HITPOINT WARNING * * *
Xom thinks this is hilarious!
The worldbinder hits you.
* * * LOW HITPOINT WARNING * * *
The worldbinder hits you!
You die...
Xom howls with laughter!

### ### ### ..#####
#.### ### ###.#
......##
#hx@####.######..##
.......#
##oh##..#.##....###
# ...##..#
#...####.......## #
....#..# ##..##
#..#....### #
.#....## #...#
##...##....####
.#....## ##..##
##.....###....##
.#.....# #...#
#...............
#..##..####..##
#...............
..####..##...#
#............###


You could see a worldbinder, 2 wargs and an orc priest.

Vanquished Creatures
  Pikel (D:6)
  A hungry ghost (D:8)
  A sky beast (D:5)
  A slave (D:6)
  2 ice beasts
  4 ogres
  A necrophage (D:8)
  A centaur (D:5)
  A crocodile (D:7)
  3 big kobolds
  A bullfrog (D:4)
  A wyvern zombie (D:8)
  2 scorpions
  5 killer bees
  2 jellies (D:6)
  7 hounds
  3 orc priests
  2 bullfrog skeletons
  4 orc wizards
  3 iguanas
  4 worker ants
  A killer bee zombie (D:8)
  2 hound zombies (D:6)
  A howler monkey skeleton (D:4)
  13 adders
  4 gnolls (D:4)
  A shadow imp (D:5)
  6 oozes
  2 adder skeletons (D:4)
  8 worms
  8 leopard geckos
  14 orcs
  7 giant cockroaches
  7 goblins
  10 hobgoblins
  4 jackals (D:4)
  17 kobolds
  4 quokkas
  2 ball pythons
  6 bats
  9 frilled lizards
  A jackal skeleton (D:4)
  A leopard gecko zombie (D:7)
  11 rats
189 creatures vanquished.

Vanquished Creatures (collateral kills)
  A centaur (D:5)
  2 killer bees
3 creatures vanquished.

Grand Total: 192 creatures vanquished

Notes
Turn   | Place    | Note
-------+----------+-------------------------------------------
     0 | D:1      | MisterFreud the Gnoll Chaos Knight began the quest for the
                  | Orb.
     0 | D:1      | Reached XP level 1. HP: 23/23 MP: 1/1
    34 | D:1      | XOM: divination: detect items
   243 | D:1      | XOM: harmless Erth miscast
   244 | D:1      | XOM: harmless Erth miscast
   317 | D:1      | Reached XP level 2. HP: 29/29 MP: 2/2
   611 | D:1      | Reached XP level 3. HP: 35/35 MP: 3/3
   647 | D:1      | XOM: medium Tloc miscast
   648 | D:1      | Noticed a spatial vortex
   648 | D:1      | Noticed a spatial vortex
   648 | D:1      | Noticed a spatial vortex
   834 | D:2      | Reached skill level 1 in Invocations
   848 | D:2      | XOM is BORED!
   848 | D:2      | XOM: summons 1 hostile demon
   849 | D:2      | Noticed a chaos spawn
   888 | D:2      | XOM: torment (8/35 hp)
   956 | D:2      | XOM: 1-stop teleportation journey
  1163 | D:2      | Reached skill level 1 in Long Blades
  1163 | D:2      | Reached skill level 1 in Axes
  1163 | D:2      | Reached skill level 1 in Maces & Flails
  1163 | D:2      | Reached skill level 1 in Polearms
  1163 | D:2      | Reached skill level 1 in Staves
  1163 | D:2      | Reached skill level 1 in Slings
  1163 | D:2      | Reached skill level 1 in Bows
  1163 | D:2      | Reached skill level 1 in Crossbows
  1163 | D:2      | Reached skill level 1 in Throwing
  1163 | D:2      | Reached skill level 1 in Stealth
  1163 | D:2      | Reached skill level 1 in Shields
  1163 | D:2      | Reached skill level 1 in Unarmed Combat
  1163 | D:2      | Reached skill level 1 in Spellcasting
  1163 | D:2      | Reached skill level 1 in Evocations
  1163 | D:2      | Reached XP level 4. HP: 38/41 MP: 5/5
  1225 | D:2      | XOM: chaos cloud
  1608 | D:2      | XOM: draining
  1715 | D:3      | You fall into a shaft and drop 3 floors!
  1716 | D:6      | Noticed a slave
  1716 | D:6      | Noticed a slave
  1720 | D:6      | Noticed a slave
  1721 | D:6      | Noticed Pikel
  1726 | D:6      | Reached skill level 1 in Conjurations
  1726 | D:6      | Reached skill level 1 in Hexes
  1726 | D:6      | Reached skill level 1 in Charms
  1726 | D:6      | Reached skill level 1 in Summonings
  1726 | D:6      | Reached skill level 1 in Necromancy
  1726 | D:6      | Reached skill level 1 in Translocations
  1726 | D:6      | Reached skill level 1 in Transmutations
  1726 | D:6      | Reached skill level 1 in Fire Magic
  1726 | D:6      | Reached skill level 1 in Ice Magic
  1726 | D:6      | Reached skill level 1 in Air Magic
  1726 | D:6      | Reached skill level 1 in Earth Magic
  1726 | D:6      | Reached skill level 1 in Poison Magic
  1726 | D:6      | Reached XP level 5. HP: 29/47 MP: 6/6
  1730 | D:6      | XOM: destruction
  1747 | D:6      | Noticed a slave
  1751 | D:6      | Noticed a big kobold
  1751 | D:6      | a slave changed into a big kobold
  1751 | D:6      | XOM: polymorph slave -> big kobold
  1758 | D:6      | Killed a slave
  1780 | D:6      | XOM: scenery: create altars
  1784 | D:6      | XOM: enchant monster (bad)
  1796 | D:6      | Killed a big kobold
  1805 | D:6      | XOM: fog
  1816 | D:6      | Killed Pikel
  1816 | D:6      | Reached skill level 5 in Armour
  1816 | D:6      | Reached XP level 6. HP: 24/55 MP: 7/9
  1816 | D:6      | Reached XP level 7. HP: 26/60 MP: 7/10
  1851 | D:6      | Learned a level 3 spell: Mephitic Cloud
  1854 | D:6      | Learned a level 2 spell: Call Imp
  1857 | D:6      | Learned a level 2 spell: Blink
  2004 | D:6      | XOM: stat loss: -1 Str (13/14)
  2026 | D:5      | Entered Level 5 of the Dungeon
  2058 | D:5      | Found a glowing drain.
  2080 | Sewer    | Entered a sewer
  2158 | Sewer    | XOM: harmless Necr miscast
  2403 | Sewer    | XOM: harmless Tmut miscast
  2447 | Sewer    | XOM: mild Necr miscast
  2579 | D:5      | Reached XP level 8. HP: 55/66 MP: 12/12
  2582 | D:5      | XOM: 2-stop teleportation journey
  2778 | D:4      | XOM: medium Ice miscast
  2818 | D:4      | Found a basalt altar of Yredelemnul.
  2932 | D:4      | XOM: polymorph adder -> hobgoblin
  3412 | D:3      | XOM: medium Pois miscast
  3809 | D:4      | XOM is BORED!
  3942 | D:4      | Reached XP level 9. HP: 68/71 MP: 14/14
  3974 | D:4      | XOM: harmless Ice miscast
  4078 | D:4      | XOM: 1-stop teleportation journey
  4124 | D:4      | XOM: summons friendly quasit
  4327 | D:4      | Found a staircase to the Ecumenical Temple.
  4345 | D:4      | XOM: 3-stop teleportation journey
  4770 | D:5      | XOM: cloud trail
  4824 | D:5      | XOM: summons 2 friendly demons
  4825 | D:5      | XOM: chaos upgrade
  4826 | D:5      | XOM: polymorph crimson imp -> iron imp
  4839 | D:5      | XOM: medium Summ miscast
  4865 | D:5      | Got a shimmering short sword
  4874 | D:5      | XOM: 3-stop teleportation journey
  5153 | D:6      | Identified the cursed +2 short sword of Zin's Regard
                  | {flame, rN+ Str-2 Dex+3 Stlth+} (You found it on level 5 of
                  | the Dungeon)
  5465 | D:6      | XOM: polymorph freed slave -> sky beast
  5876 | D:8      | XOM: harmless Tloc miscast
  6208 | D:8      | XOM: 2-stop teleportation journey
  6338 | D:8      | Reached skill level 5 in Dodging
  6618 | D:7      | XOM: noise
  6849 | D:7      | XOM: mild Ice miscast
  7158 | D:7      | XOM: enchant monster (good)
  7484 | D:8      | XOM: give mutations
  7484 | D:8      | Gained mutation: You are clumsy. (Dex -2) [Xom's mischief]
  7484 | D:8      | Gained mutation: Scrolls take you a little longer to read.
                  | [Xom's mischief]
  7495 | D:8      | XOM: harmless Hex miscast
  7502 | D:7      | Reached skill level 5 in Invocations
  8176 | D:8      | Found a stormy altar of Qazlal.
  8181 | D:8      | XOM: cloud trail
  8238 | D:8      | XOM: summons friendly ufetubus
  8279 | D:8      | XOM: harmless Ice miscast
  8371 | D:8      | XOM: medium Chrm miscast
  8532 | D:8      | Reached XP level 10. HP: 79/79 MP: 17/17
  8548 | D:8      | XOM: harmless Necr miscast
  8571 | D:8      | XOM: severe Summ miscast
  8572 | D:8      | Noticed a worldbinder
  8595 | D:8      | HP: 3/79 [warg[the severe capriciousness of Xom] (12)]
  8595 | D:8      | Mangled by a worldbinder

Levels and vault maps discovered:
D:1:      dpeg_arrival_orchard, layout_rooms, minmay_cut_off
D:2:      layout_loops_ring, minivault_25, kennysheep_generic_room_12
D:3:      layout_basic
D:4:      minmay_evil_eye, layout_basic, kennysheep_mini_moat,
          minmay_temple_entry_nine_rooms
D:5:      layout_loops_ring, gup_sewer_entry_pipe, basic_altar, first_ration,
          st_stairs_14, goddamned_bats
D:6:      layout_basic, uniq_pikel
D:7:      layout_basic
D:8:      layout_layer_cave, nicolae_qazlal_style_of_elements, grunt_livestock

Skill      XL: |  1  2  3  4  5  6  7  8  9 |
---------------+----------------------------+-----
Invocations    | 1 2 3 4 5 |  5.1
Long Blades    | 1 2 3 4 |  4.7
Axes           | 1 2 3 4 |  4.7
Maces & Flails | 1 2 3 4 |  4.7
Polearms       | 1 2 3 4 |  4.7
Staves         | 1 2 3 4 |  4.7
Slings         | 1 2 3 4 |  4.7
Bows           | 1 2 3 4 |  4.7
Crossbows      | 1 2 3 4 |  4.7
Throwing       | 1 2 3 4 |  4.7
Stealth        | 1 2 3 4 |  4.7
Shields        | 1 2 3 4 |  4.7
Unarmed Combat | 1 2 3 4 |  4.7
Spellcasting   | 1 2 3 4 |  4.7
Evocations     | 1 2 3 4 |  4.7
Conjurations   | 1 2 3 |  3.9
Hexes          | 1 2 3 |  3.9
Charms         | 1 2 3 |  3.9
Summonings     | 1 2 3 |  3.9
Necromancy     | 1 2 3 |  3.9
Translocations | 1 2 3 |  3.9
Transmutations | 1 2 3 |  3.9
Fire Magic     | 1 2 3 |  3.9
Ice Magic      | 1 2 3 |  3.9
Air Magic      | 1 2 3 |  3.9
Earth Magic    | 1 2 3 |  3.9
Poison Magic   | 1 2 3 |  3.9
Dodging        | 3 4 5 |  5.4
Fighting       | 7 8 |  8.1
Short Blades   | 7 8 |  8.1
Armour         | 5 6 |  6.6

Action                   |  1- 3 |  4- 6 |  7- 9 | 10-12 || total
-------------------------+-------+-------+-------+-------++-------
Melee: Short sword       |     9 |       |   112 |       ||   121
       Dagger            |    85 |    79 |   437 |    19 ||   620
       Bite              |    13 |     2 |    65 |     5 ||    85
       Punch             |       |       |    14 |       ||    14
Throw: Dart              |       |     1 |       |       ||     1
 Cast: Mephitic Cloud    |       |       |     3 |       ||     3
  Use: Scroll            |     1 |     9 |     9 |     1 ||    20
       Potion            |       |     1 |       |       ||     1
 Stab: Sleeping          |     2 |     2 |    16 |       ||    20
       Distracted        |       |       |     2 |       ||     2
  Eat: Chunk             |     1 |     1 |    18 |       ||    20
       Ration            |       |       |     1 |       ||     1
Armor: Leather armour    |    15 |    23 |    67 |       ||   105
       Robe              |       |       |    38 |     3 ||    41
Dodge: Dodged            |    31 |    39 |   310 |    17 ||   397

Table legend:
 A = Non-vault XP
 B = Vault XP
 C = Vault XP percentage of total XP
 D = Non-vault monster count
 E = Vault monster count
 F = Vault count percentage of total count
                 A         B        C        D         E       F
            +---------+---------+-------+---------+---------+-------
      Total |    3731 |     919 |  19.8 |     163 |      27 |  14.2
            +---------+---------+-------+---------+---------+-------
        D:1 |      34 |       4 |  10.5 |      15 |       3 |  16.7
        D:2 |      86 |       2 |   2.3 |      29 |       1 |   3.3
        D:3 |     183 |       0 |   0.0 |      21 |       0 |   0.0
        D:4 |     728 |      71 |   8.9 |      31 |       2 |   6.1
        D:5 |     696 |      13 |   1.8 |      15 |       5 |  25.0
        D:6 |     263 |     641 |  70.9 |      10 |       1 |   9.1
        D:7 |     703 |       0 |   0.0 |      24 |       0 |   0.0
        D:8 |    1038 |       0 |   0.0 |      18 |       0 |   0.0
      Sewer |       0 |     188 | 100.0 |       0 |      15 | 100.0
            +---------+---------+-------+---------+---------+-------
